SA
SYRACUSE STORM @ EUGENE VANDALS
09/03/2038
 
TOP OF THE 1ST
Syracuse Storm batting - Pitching for Eugene Vandals : RHP Jorge Souza
Pitching: RHP Jorge Souza
Batting: LHB Brian Harmon 0-0: Foul Ball, location: 2F
0-1: Foul Ball, location: 2F
0-2: Foul Ball, location: 2F
0-2: Ball
1-2: Ball
2-2: Ball
3-2: Foul Ball, location: 2F
3-2: SINGLE (Groundball, 4MD, EV 103.8 MPH)
Batting: RHB John Billings 0-0: Fly out, F9 (Flyball, 9S, EV 76.2 MPH)
Batting: LHB Duff Eckstein 0-0: Ball
1-0: SINGLE (Line Drive, 3D, EV 100.0 MPH)
Brian Harmon to second
Batting: LHB Rick Newell 0-0: Called Strike
0-1: SINGLE (Groundball, 56S, EV 66.9 MPH) (infield hit)
Brian Harmon to third
Duff Eckstein to second
Batting: RHB Rubén Plumey 0-0: Swinging Strike
0-1: TRIPLE (Flyball, 89XD, EV 88.1 MPH)
Brian Harmon scores
Duff Eckstein scores
Rick Newell scores
Batting: LHB Kent Maxwell 0-0: Ball
1-0: Ball
2-0: Ball
3-0: Base on Balls
Batting: RHB Ace Felder 0-0: Called Strike
0-1: Swinging Strike
0-2: Ball
1-2: Strikes out looking
Batting: RHB Bob Hill 0-0: Called Strike
0-1: Foul Ball, location: 2F
0-2: Strikes out looking
Top of the 1st over - 3 runs, 4 hits, 0 errors, 2 left on base; Syracuse 3 - Eugene 0
BOTTOM OF THE 1ST
Eugene Vandals batting - Pitching for Syracuse Storm : LHP Tim Wallace
Pitching: LHP Tim Wallace
Batting: RHB Martin Childs 0-0: Ball
1-0: Foul Ball, location: 2F
1-1: Swinging Strike
1-2: Foul Ball, location: 2F
1-2: Ball
2-2: Ball
3-2: Strikes out looking
Batting: RHB Salvador Aquino 0-0: Fly out, F7 (Flyball, 7S, EV 79.4 MPH)
Batting: LHB Jae-seop Byeon 0-0: Called Strike
0-1: Called Strike
0-2: Strikes out swinging
Bottom of the 1st over - 0 runs, 0 hits, 0 errors, 0 left on base; Syracuse 3 - Eugene 0
TOP OF THE 2ND
Syracuse Storm batting - Pitching for Eugene Vandals : RHP Jorge Souza
Batting: RHB Martín Muńóz 0-0: Ball
1-0: Called Strike
1-1: SINGLE (Line Drive, 4D, EV 97.5 MPH)
Batting: LHB Brian Harmon 0-0: Ball
1-0: Called Strike
1-1: SINGLE (Groundball, 6MD, EV 98.1 MPH)
Martín Muńóz to second
Runner from 2nd tries for 3rd, SAFE, throw by CF made to third
Batting: RHB John Billings 0-0: Ball
1-0: Ball
Brian Harmon is caught stealing 2nd base 2-4
2-0: Swinging Strike
2-1: Foul Ball, location: 2F
2-2: Ball
3-2: Foul Ball, location: 2F
3-2: Fly out, F7 (Line Drive, 7D, EV 105.0 MPH)
Runner from 3rd tags up, SCORES, throw by LF
Batting: LHB Duff Eckstein 0-0: Ball
1-0: Ball
2-0: Ball
3-0: Called Strike
3-1: Called Strike
3-2: SINGLE (Line Drive, 78S, EV 102.5 MPH)
Batting: LHB Rick Newell 0-0: Ball
Duff Eckstein is caught stealing 2nd base 2-6
Top of the 2nd over - 1 run, 3 hits, 0 errors, 0 left on base; Syracuse 4 - Eugene 0
BOTTOM OF THE 2ND
Eugene Vandals batting - Pitching for Syracuse Storm : LHP Tim Wallace
Batting: RHB John Yossarian 0-0: Ball
1-0: Swinging Strike
1-1: Called Strike
1-2: Strikes out swinging
Batting: RHB Pedro Pérez 0-0: Ball
1-0: Foul Ball, location: 2F
1-1: Called Strike
1-2: Fly out, F8 (Line Drive, 8RM, EV 94.4 MPH)
Batting: LHB Maxim Abeele 0-0: Called Strike
0-1: Ball
1-1: Ball
2-1: Swinging Strike
2-2: Strikes out swinging
Bottom of the 2nd over - 0 runs, 0 hits, 0 errors, 0 left on base; Syracuse 4 - Eugene 0
TOP OF THE 3RD
Syracuse Storm batting - Pitching for Eugene Vandals : RHP Jorge Souza
Batting: LHB Rick Newell 0-0: Ball
1-0: Swinging Strike
1-1: Foul Ball, location: 2F
1-2: Ball
2-2: Foul Ball, location: 2F
2-2: Foul Ball, location: 2F
2-2: Foul Ball, location: 2F
2-2: Fly out, F7 (Flyball, 7, EV 84.4 MPH)
Batting: RHB Rubén Plumey 0-0: Called Strike
0-1: Ball
1-1: Foul Ball, location: 2F
1-2: Ball
2-2: Foul Ball, location: 2F
2-2: Ball
3-2: Ground out 2-3 (Groundball, 2L, EV 66.9 MPH)
Batting: LHB Kent Maxwell 0-0: Fly out, F8 (Line Drive, 8LD, EV 86.2 MPH)
Top of the 3rd over - 0 runs, 0 hits, 0 errors, 0 left on base; Syracuse 4 - Eugene 0
BOTTOM OF THE 3RD
Eugene Vandals batting - Pitching for Syracuse Storm : LHP Tim Wallace
Batting: RHB Juan Lugo 0-0: Ball
1-0: Swinging Strike
1-1: Foul Ball, location: 2F
1-2: Ball
2-2: Ball
3-2: Strikes out swinging
Batting: RHB Paul Stark 0-0: Ball
1-0: Foul Ball, location: 2F
1-1: Ball
2-1: Ball
3-1: Called Strike
3-2: Strikes out looking
Batting: LHB Jorge Mejía 0-0: Foul Ball, location: 2F
0-1: Fly out, F7 (Flyball, 7LM, EV 83.8 MPH)
Bottom of the 3rd over - 0 runs, 0 hits, 0 errors, 0 left on base; Syracuse 4 - Eugene 0
TOP OF THE 4TH
Syracuse Storm batting - Pitching for Eugene Vandals : RHP Jorge Souza
Batting: RHB Ace Felder 0-0: Ball
1-0: Swinging Strike
1-1: Swinging Strike
1-2: Ball
2-2: Strikes out swinging
Batting: RHB Bob Hill 0-0: Called Strike
0-1: Ground out 6-3 (Groundball, 6M, EV 106.2 MPH)
Batting: RHB Martín Muńóz 0-0: Ground out 6-3 (Groundball, 6S, EV 93.1 MPH)
Top of the 4th over - 0 runs, 0 hits, 0 errors, 0 left on base; Syracuse 4 - Eugene 0
BOTTOM OF THE 4TH
Eugene Vandals batting - Pitching for Syracuse Storm : LHP Tim Wallace
Batting: RHB Martin Childs 0-0: Swinging Strike
0-1: Swinging Strike
0-2: Ball
1-2: Ball
2-2: Ball
3-2: Fly out, F7 (Flyball, 7S, EV 76.9 MPH)
Batting: RHB Salvador Aquino 0-0: Called Strike
0-1: Ball
1-1: Swinging Strike
1-2: Fly out, F7 (Flyball, 78S, EV 83.8 MPH)
Batting: LHB Jae-seop Byeon 0-0: Called Strike
0-1: Ball
1-1: Swinging Strike
1-2: Strikes out swinging
Bottom of the 4th over - 0 runs, 0 hits, 0 errors, 0 left on base; Syracuse 4 - Eugene 0
TOP OF THE 5TH
Syracuse Storm batting - Pitching for Eugene Vandals : RHP Jorge Souza
Batting: LHB Brian Harmon 0-0: Ball
1-0: Swinging Strike
1-1: Ground out 5-3 (Groundball, 5, EV 82.5 MPH)
Batting: RHB John Billings 0-0: SINGLE (Line Drive, 89M, EV 92.5 MPH)
Batting: LHB Duff Eckstein 0-0: Called Strike
0-1: Ball
1-1: Ball
2-1: Hit by Pitch
John Billings to second
Pinch Runner at 1st Zak Makepeace:
Batting: LHB Rick Newell 0-0: Called Strike
John Billings is caught stealing 3rd base 2-5
0-1: Ball
1-1: Called Strike
1-2: Ball
2-2: Ball
3-2: SINGLE (Groundball, 4MD, EV 103.8 MPH)
Zak Makepeace to second
Zak Makepeace to third
Batting: RHB Rubén Plumey 0-0: Ball
1-0: Called Strike
1-1: SINGLE (Flyball, 89S, EV 82.5 MPH)
Zak Makepeace scores
Rick Newell to second
Pitching: LHP Ramón García
Batting: LHB Kent Maxwell 0-0: Swinging Strike
0-1: SINGLE (Groundball, 4MD, EV 107.5 MPH)
Rick Newell to third
Rubén Plumey to second
Runner from 3rd tries for Home, SAFE, no throw by CF
Batting: RHB Ace Felder 0-0: Called Strike
0-1: Fielders Choice at 2nd, 5-4 (Groundball, 56, EV 108.1 MPH)
Top of the 5th over - 2 runs, 4 hits, 0 errors, 2 left on base; Syracuse 6 - Eugene 0
BOTTOM OF THE 5TH
Eugene Vandals batting - Pitching for Syracuse Storm : LHP Tim Wallace
Now at 2B: Egbert Mijnheer
Batting: RHB John Yossarian 0-0: Ball
1-0: Ground out 6-3 (Groundball, 6, EV 110.0 MPH)
Batting: RHB Pedro Pérez 0-0: Ball
1-0: Ball
2-0: Called Strike
2-1: Ball
3-1: SINGLE (Line Drive, 9S, EV 89.4 MPH)
Batting: LHB Maxim Abeele 0-0: Called Strike
0-1: Called Strike
0-2: Ball
1-2: Foul Ball, location: 2F
1-2: Ball
2-2: Strikes out looking
Batting: RHB Juan Lugo 0-0: Called Strike
0-1: Fielders Choice at 2nd, 5-4 (Groundball, 56, EV 90.0 MPH)
Bottom of the 5th over - 0 runs, 1 hit, 0 errors, 1 left on base; Syracuse 6 - Eugene 0
TOP OF THE 6TH
Syracuse Storm batting - Pitching for Eugene Vandals : LHP Ramón García
Batting: RHB Bob Hill 0-0: Ball
1-0: Ball
2-0: Called Strike
2-1: Ball
3-1: Fly out, F9 (Flyball, 8RS, EV 95.6 MPH)
Batting: RHB Martín Muńóz 0-0: Foul Ball, location: 2F
0-1: Called Strike
0-2: Strikes out swinging
Batting: LHB Brian Harmon 0-0: Ground out U3 (Groundball, 34, EV 81.2 MPH)
Top of the 6th over - 0 runs, 0 hits, 0 errors, 0 left on base; Syracuse 6 - Eugene 0
BOTTOM OF THE 6TH
Eugene Vandals batting - Pitching for Syracuse Storm : LHP Tim Wallace
Batting: RHB Paul Stark 0-0: Ball
1-0: Fly out, F9 (Line Drive, 9D, EV 93.8 MPH)
Batting: LHB Jorge Mejía 0-0: Called Strike
0-1: Swinging Strike
0-2: Ball
1-2: Ball
2-2: Ball
3-2: Foul Ball, location: 2F
3-2: Foul Ball, location: 2F
3-2: Fly out, F8 (Flyball, 8RM, EV 91.2 MPH)
Batting: RHB Martin Childs 0-0: Ball
1-0: Foul Ball, location: 2F
1-1: SINGLE (Line Drive, 9LS, EV 94.4 MPH)
Batting: RHB Salvador Aquino 0-0: Swinging Strike
0-1: Ball
1-1: Called Strike
1-2: Foul Ball, location: 2F
1-2: Foul Ball, location: 2F
1-2: Ball
2-2: DOUBLE (Flyball, 7LM, EV 89.4 MPH)
Martin Childs to third
Batting: LHB Jae-seop Byeon 0-0: Foul Ball, location: 2F
0-1: Called Strike
0-2: Strikes out swinging
Bottom of the 6th over - 0 runs, 2 hits, 0 errors, 2 left on base; Syracuse 6 - Eugene 0
TOP OF THE 7TH
Syracuse Storm batting - Pitching for Eugene Vandals : LHP Ramón García
Batting: RHB John Billings 0-0: Foul Ball, location: 2F
0-1: Called Strike
0-2: Ball
1-2: SINGLE (Groundball, 13S, EV 64.4 MPH) (infield hit)
Batting: RHB Egbert Mijnheer 0-0: Ball
1-0: Called Strike
1-1: Ball
2-1: Foul Ball, location: 2F
2-2: Strikes out swinging
Batting: LHB Rick Newell 0-0: Called Strike
0-1: TRIPLE (Line Drive, 7D, EV 107.5 MPH)
John Billings scores
Batting: RHB Rubén Plumey 0-0: Foul Ball, location: 2F
0-1: Ball
1-1: Swinging Strike
1-2: Ball
2-2: Strikes out swinging
Batting: LHB Kent Maxwell 0-0: Called Strike
0-1: Swinging Strike
0-2: Foul Ball, location: 2F
0-2: Ball
1-2: Ball
2-2: Reached on error, E6 (Groundball, 6, EV 84.4 MPH)
Rick Newell scores
Batting: RHB Ace Felder 0-0: Ball
1-0: Swinging Strike
1-1: Ball
2-1: Swinging Strike
2-2: SINGLE (Groundball, 56D, EV 102.5 MPH)
Kent Maxwell to third
Runner from 3rd tries for Home, SAFE, no throw by LF
Batting: RHB Bob Hill 0-0: Ball
1-0: Foul Ball, location: 2F
1-1: Foul Ball, location: 2F
1-2: Foul Ball, location: 2F
1-2: 2-RUN HOME RUN (Flyball, 7D, EV 107.5 MPH), Distance : 388 ft
Batting: RHB Martín Muńóz 0-0: Ball
1-0: Foul Ball, location: 2F
1-1: Ball
2-1: Swinging Strike
2-2: Foul Ball, location: 2F
2-2: Foul Ball, location: 2F
2-2: Foul Ball, location: 2F
2-2: Strikes out swinging
Top of the 7th over - 5 runs, 4 hits, 1 error, 0 left on base; Syracuse 11 - Eugene 0
BOTTOM OF THE 7TH
Eugene Vandals batting - Pitching for Syracuse Storm : LHP Tim Wallace
Pitching: LHP Ben Gillespie
Batting: RHB John Yossarian 0-0: Ball
1-0: Called Strike
1-1: Ball
2-1: Ball
3-1: Base on Balls
Batting: RHB Pedro Pérez 0-0: Called Strike
0-1: Called Strike
John Yossarian steals 2nd base (no throw)
0-2: Foul Ball, location: 2F
0-2: Ball
1-2: Foul Ball, location: 2F
1-2: Ball
2-2: Ground out 5-3 (Groundball, 5, EV 90.6 MPH)
Batting: LHB Maxim Abeele 0-0: Ground out 5-3 (Groundball, 5S, EV 86.9 MPH)
Batting: RHB Juan Lugo 0-0: Ball
1-0: Ball
2-0: Called Strike
2-1: Foul Ball, location: 2F
2-2: Foul Ball, location: 2F
2-2: Ball
3-2: Strikes out swinging
Bottom of the 7th over - 0 runs, 0 hits, 0 errors, 1 left on base; Syracuse 11 - Eugene 0
TOP OF THE 8TH
Syracuse Storm batting - Pitching for Eugene Vandals : LHP Ramón García
Batting: LHB Brian Harmon 0-0: Ball
1-0: Ball
2-0: Ball
3-0: Called Strike
3-1: SINGLE (Groundball, 4MD, EV 97.5 MPH)
Batting: RHB John Billings 0-0: Ball
1-0: Foul Ball, location: 2F
1-1: Ball
2-1: Foul Ball, location: 2F
2-2: Ball
3-2: Strikes out swinging
Batting: RHB Egbert Mijnheer 0-0: Swinging Strike
0-1: Fly out, F7 (Line Drive, 7, EV 95.0 MPH)
Batting: LHB Rick Newell 0-0: Called Strike
0-1: Foul Ball, location: 2F
0-2: SINGLE (Line Drive, 4D, EV 95.0 MPH)
Brian Harmon to second
Batting: RHB Rubén Plumey 0-0: Foul Ball, location: 2F
0-1: Foul Ball, location: 2F
0-2: Reached on error, E9 (Flyball, 9, EV 85.0 MPH)
Brian Harmon scores
Rick Newell to third
Batting: LHB Kent Maxwell 0-0: Ball
1-0: Ball
2-0: Ball
3-0: Base on Balls
Batting: RHB Ace Felder 0-0: Called Strike
0-1: Called Strike
0-2: Ground out 1-3 (Groundball, 13S, EV 68.1 MPH)
Top of the 8th over - 1 run, 2 hits, 1 error, 3 left on base; Syracuse 12 - Eugene 0
BOTTOM OF THE 8TH
Eugene Vandals batting - Pitching for Syracuse Storm : LHP Ben Gillespie
Batting: RHB Paul Stark 0-0: Ball
1-0: Called Strike
1-1: Fly out, F7 (Line Drive, 7, EV 99.4 MPH)
Pinch Hitting: RHB Eric Mason 0-0: Foul Ball, location: 2F
0-1: Ground out 6-3 (Groundball, 6, EV 100.6 MPH)
Batting: RHB Martin Childs 0-0: Called Strike
0-1: Ball
1-1: Foul Ball, location: 2F
1-2: Strikes out swinging
Bottom of the 8th over - 0 runs, 0 hits, 0 errors, 0 left on base; Syracuse 12 - Eugene 0
TOP OF THE 9TH
Syracuse Storm batting - Pitching for Eugene Vandals : LHP Ramón García
Pitching: LHP César Bravo
Now at 1B: David Walker
Batting: RHB Bob Hill 0-0: Ball
1-0: Called Strike
1-1: Foul Ball, location: 2F
1-2: Strikes out swinging
Batting: RHB Martín Muńóz 0-0: Ball
1-0: Fly out, F8 (Flyball, 8LM, EV 91.9 MPH)
Batting: LHB Brian Harmon 0-0: Ball
1-0: Fly out, F8 (Flyball, 8LM, EV 88.8 MPH)
Top of the 9th over - 0 runs, 0 hits, 0 errors, 0 left on base; Syracuse 12 - Eugene 0
BOTTOM OF THE 9TH
Eugene Vandals batting - Pitching for Syracuse Storm : LHP Ben Gillespie
Batting: RHB Salvador Aquino 0-0: Ball
1-0: Ball
2-0: Swinging Strike
2-1: Ball
3-1: Base on Balls
Batting: LHB Jae-seop Byeon 0-0: Fielders Choice at 2nd, 4-6 (Groundball, 4S, EV 86.2 MPH)
Batting: RHB John Yossarian 0-0: Ball
1-0: Called Strike
1-1: Ball
2-1: Foul Ball, location: 2F
2-2: Strikes out looking
Batting: RHB Pedro Pérez 0-0: SINGLE (Groundball, 6MD, EV 98.8 MPH)
Jae-seop Byeon to second
Batting: LHB Maxim Abeele 0-0: Foul Ball, location: 2F
0-1: Ball
1-1: Foul Ball, location: 2F
1-2: Foul Ball, location: 2F
1-2: Foul Ball, location: 2F
1-2: Strikes out swinging
Bottom of the 9th over - 0 runs, 1 hit, 0 errors, 2 left on base; Syracuse 12 - Eugene 0
Friday, April 17th, 2020 - OOTP Baseball 20.8 Build 74